Map: Catalyst LE

Players

Raze

  • Race: Protoss Protoss
  • Spawn Location: 11:00

Future - Winner!

  • Race: Terran Terran
  • Spawn Location: 5:00

Event: WCS Austin 2018

VOD

Have the link to the VOD?

Description

Time

  • Played on: June 1, 2018, 5:19 p.m.
  • Length: 15:46

All games in this series

Show
View Real Time Build Order
Export as new Build Order

Raze Protoss 

Build Orders: Blink Stalkers 

Get SALT Encoding   

  12  0:00  Probe  
  13  0:12  Probe  
  14  0:17  Pylon  
  14  0:23  Probe  
  15  0:31  Probe  
  16  0:38  Gateway  
  16  0:39  Probe  
  17  0:50  Assimilator  
  17  0:52  Probe  
  18  0:59  Pylon  
  18  1:04  Probe  
  19  1:18  Gateway  
  19  1:24  Probe  
  20  1:26  Cybernetics Core  
  20  1:36  Probe  
  21  1:49  Probe  
  21  1:50  Assimilator  
  22  1:56  Stalker  
  22  1:57  Stalker  
  22  2:02  Probe  
  27  2:13  Pylon  
  27  2:16  Probe, Warp Gate  
  27  2:26  Stalker  
  29  2:30  Adept  
  31  2:50  Twilight Council  
  31  2:56  Stalker  
  33  3:00  Blink  
  33  3:11  Probe  
  34  3:33  Nexus  
  34  3:38  Stalker  
  36  3:56  Probe  
  39  4:12  Pylon  
  39  4:15  Robotics Facility  
  39  4:23  Probe  
  38  4:31  Stalker x2  
  42  4:35  Probe  
  41  4:46  Probe  
  41  4:47  Probe  
  43  4:54  Stalker x2  
  43  4:58  Probe  
  43  4:59  Probe  
  49  5:06  Observer  
  50  5:10  Probe  
  50  5:11  Probe  
  52  5:15  Nexus  
  52  5:20  Pylon  
  52  5:23  Probe  
  53  5:33  Probe  
  53  5:35  Stalker x2  
  57  5:37  Probe  
  57  5:40  Observer  
  57  5:41  Probe  
  60  5:49  Probe  
  62  5:51  Probe  
  63  6:01  Probe  
  63  6:02  Robotics Bay  
  63  6:03  Probe  
  65  6:05  Forge  
  65  6:09  Pylon  
  65  6:12  Stalker  
  65  6:13  Probe  
  66  6:18  Stalker  
  66  6:24  Probe  
  66  6:25  Probe, Pylon  
  70  6:31  Probe  
  71  6:43  Protoss Ground Weapons Level 1  
  71  6:49  Probe  
  71  6:50  Disruptor, Probe  
  76  6:54  Assimilator  
  76  6:56  Assimilator  
  76  6:59  Pylon  
  76  7:01  Probe  
  76  7:04  Probe x2  
  76  7:06  Shield Battery  
  79  7:10  Shield Battery  
  79  7:13  Probe  
  80  7:16  Probe x2, Disruptor  
  81  7:25  Shield Battery, Probe, Pylon  
  81  7:28  Probe  
  81  7:29  Probe  
  87  7:34  Pylon  
  87  7:37  Probe  
  87  7:40  Probe  
  87  7:41  Probe  
  87  7:42  Robotics Facility  
  90  7:47  Gateway  
  90  7:48  Gateway  
  90  7:49  Gateway  
  90  7:51  Disruptor  
  93  8:02  Stalker  
  93  8:03  Stalker  
  98  8:05  Probe x3  
  98  8:08  Assimilator  
  100  8:13  Pylon  
  100  8:14  Pylon  
  98  8:25  Charge  
  101  8:28  Assimilator  
  98  8:35  Dark Shrine  
  98  8:36  Gateway  
  98  8:37  Disruptor  
  101  8:42  Disruptor, Nexus  
  101  8:43  Pylon  
  101  8:45  Protoss Ground Weapons Level 2  
  102  9:07  Stalker x4  
  102  9:09  Stalker  
  112  9:16  Disruptor  
  112  9:20  Probe x2  
  117  9:24  Gateway  
  117  9:27  Gateway, Pylon  
  117  9:30  Stalker x3, Pylon  
  110  9:39  Stalker x2  
  113  9:47  Probe x3  
  116  9:54  Probe  
  116  9:59  Probe x2  
  119  10:05  Dark Templar x2  
  121  10:12  Probe x3  
  119  10:23  Dark Templar x2  
  119  10:24  Disruptor  
  122  10:31  Disruptor  
  122  10:34  Cybernetics Core  
  122  10:35  Probe x4  
  123  10:37  Pylon  
  123  10:41  Dark Templar  
  116  10:47  Probe x4  
  117  10:59  Probe x4  
  117  11:02  Disruptor  
  124  11:07  Disruptor  
  124  11:11  Probe x3  
  129  11:12  Probe  
  129  11:14  Dark Templar  
  133  11:23  Gateway, Probe x3  
  133  11:24  Probe  
  134  11:35  Probe x2  
  133  11:41  Stalker x3  
  135  11:56  Probe x3  
  138  12:02  Stalker x2  
  138  12:07  Zealot x3  
  148  12:09  Probe x3  
  148  12:10  Probe  
  152  12:18  Colossus, Extended Thermal Lance  
  152  12:19  Gateway  
  152  12:20  Gateway  
  152  12:22  Gateway  
  140  12:30  Dark Templar x2  
  140  12:33  Stalker x3  
  150  12:43  Dark Templar  
  127  12:52  Disruptor  
  127  12:56  Zealot, Dark Templar  
  112  13:12  Stalker x4, Disruptor  
  114  13:18  Dark Templar  
  119  13:25  Nexus  
  119  13:33  Stalker  
  119  13:34  Stalker  
  123  13:36  Disruptor  
  126  13:42  Pylon  
  126  13:48  Disruptor, Dark Templar  
  124  13:52  Zealot x2  
  133  13:57  Pylon  
  133  14:01  Pylon  
  133  14:02  Pylon  
  133  14:04  Pylon  
  131  14:12  Disruptor  
  131  14:14  Zealot x3  
  140  14:20  Stalker x4  
  148  14:30  Forge  
  146  14:32  Forge  
  144  14:43  Dark Templar  
  144  14:44  Dark Templar x2  
  145  14:54  Disruptor  
  102  15:08  Dark Templar x3  
  90  15:17  Dark Templar  
  90  15:18  Zealot x5  
  90  15:19  Zealot  
Show
View Real Time Build Order
Export as new Build Order

Future Terran - Winner!

Build Orders: Cyclone Opening, Gas First Reaper Expand, Reaper Expand, MMM Bio 

Get SALT Encoding   

  12  0:00  SCV  
  13  0:12  SCV  
  14  0:17  Supply Depot  
  14  0:24  SCV  
  15  0:29  Refinery  
  15  0:39  SCV  
  16  0:46  Barracks  
  16  0:51  SCV  
  17  1:03  SCV  
  18  1:15  SCV  
  19  1:33  Orbital Command, Reaper  
  20  1:44  Command Center  
  20  1:57  Factory  
  20  1:59  SCV  
  21  2:09  Refinery  
  21  2:11  SCV  
  21  2:14  Barracks Reactor  
  22  2:16  Supply Depot  
  22  2:23  SCV  
  23  2:38  SCV  
  23  2:41  Cyclone  
  26  2:50  Marine, Supply Depot, SCV  
  26  2:51  Marine  
  29  3:02  SCV  
  29  3:03  Starport  
  30  3:08  Marine  
  30  3:11  Marine  
  32  3:13  Widow Mine  
  32  3:19  SCV  
  35  3:26  Marine  
  35  3:29  Marine  
  35  3:44  Factory Tech Lab  
  35  3:45  SCV  
  36  3:51  Marine  
  36  3:52  Marine  
  38  3:59  Orbital Command, SCV  
  37  4:03  Siege Tank  
  37  4:07  Starport Tech Lab  
  40  4:10  Marine  
  40  4:11  SCV  
  40  4:13  Marine  
  43  4:20  Supply Depot  
  43  4:23  SCV  
  44  4:25  SCV  
  44  4:27  Banshee  
  44  4:30  Cloaking Field  
  48  4:39  SCV, Siege Tank  
  48  4:44  SCV  
  53  4:50  Supply Depot  
  53  4:51  SCV  
  54  4:55  Supply Depot  
  54  4:56  SCV  
  55  5:02  Engineering Bay  
  55  5:03  Marine x2, SCV  
  57  5:08  SCV  
  57  5:12  Siege Tank  
  61  5:15  SCV  
  61  5:20  SCV  
  61  5:21  Banshee, Marine x2  
  64  5:27  SCV  
  69  5:32  SCV  
  68  5:40  Marine x2  
  70  5:44  Siege Tank, SCV  
  70  5:47  Refinery  
  74  5:50  SCV  
  74  5:52  Command Center  
  74  5:56  SCV  
  76  5:57  Refinery  
  76  6:03  Marine  
  76  6:04  Marine  
  78  6:07  Terran Infantry Weapons Level 1  
  78  6:08  Engineering Bay  
  78  6:12  Starport Reactor  
  78  6:16  SCV  
  78  6:17  Missile Turret  
  76  6:20  Supply Depot x2  
  77  6:25  SCV  
  77  6:28  SCV  
  77  6:32  Marine  
  79  6:33  Stimpack  
  79  6:35  Factory Reactor  
  77  6:43  SCV x2  
  76  6:54  Marine  
  76  6:55  SCV x2  
  76  7:00  Barracks x3  
  79  7:02  Starport Reactor, Barracks  
  79  7:06  Orbital Command  
  79  7:14  Marine  
  80  7:16  Widow Mine x2  
  80  7:17  SCV  
  85  7:24  SCV  
  87  7:30  SCV  
  87  7:32  Supply Depot  
  87  7:34  Supply Depot  
  87  7:36  SCV  
  88  7:38  Marine  
  88  7:40  Widow Mine x2  
  88  7:41  Orbital Command  
  88  7:42  SCV  
  94  7:50  Barracks Tech Lab  
  94  7:51  Barracks Reactor  
  94  7:56  SCV  
  92  7:59  Marauder  
  92  8:00  Marauder  
  92  8:03  SCV  
  97  8:08  SCV x2  
  97  8:11  Marauder, Marine x2  
  103  8:14  Medivac x2  
  103  8:15  SCV  
  103  8:18  Widow Mine x2  
  112  8:20  SCV x2  
  112  8:22  Terran Infantry Armor Level 1  
  112  8:25  Armory  
  112  8:26  Concussive Shells  
  114  8:28  Combat Shields  
  114  8:32  Marauder, SCV  
  119  8:34  Marauder  
  119  8:39  Marauder  
  119  8:40  Marine  
  122  8:41  Marine  
  122  8:42  Marine x2  
  122  8:43  SCV  
  124  8:54  Marauder  
  128  8:56  Marauder  
  128  8:58  Marine  
  128  8:59  Widow Mine, Marine x2  
  133  9:04  Widow Mine  
  133  9:08  Barracks  
  131  9:10  Barracks x2, Supply Depot  
  131  9:12  Supply Depot  
  131  9:15  SCV  
  132  9:17  Missile Turret  
  132  9:19  Marauder x2, Marine  
  132  9:22  Marauder, Marine  
  132  9:23  Marine  
  141  9:34  Marine  
  141  9:38  Refinery x2, Terran Infantry Weapons Level 2  
  133  9:40  Marauder  
  133  9:41  Marauder  
  133  9:44  Marauder  
  139  9:53  Marine x4  
  139  9:55  Missile Turret  
  139  9:57  SCV  
  144  10:00  Supply Depot, SCV  
  144  10:01  Supply Depot  
  144  10:02  Marauder x2  
  144  10:05  Marauder  
  144  10:07  SCV  
  152  10:09  Barracks Tech Lab x3  
  152  10:19  Terran Infantry Armor Level 2  
  150  10:23  Marauder x2  
  150  10:25  Marine  
  150  10:26  Marauder  
  149  10:29  Medivac  
  149  10:33  Medivac  
  150  10:39  Missile Turret  
  150  10:42  SCV  
  147  10:44  Marauder, Missile Turret  
  147  10:45  Marauder  
  147  10:48  Marauder, SCV x2  
  154  10:51  Marauder x2  
  154  10:54  Marine x3  
  163  11:06  Marauder x2, Medivac x2  
  163  11:07  Marine  
  172  11:13  Marauder  
  172  11:14  Marauder, Supply Depot  
  172  11:15  Supply Depot  
  172  11:17  Supply Depot  
  174  11:19  Marauder  
  174  11:22  Marauder  
  178  11:26  Marine  
  178  11:27  Marauder  
  178  11:36  Marauder x3, Marine  
  178  11:37  Marine  
  186  11:41  Marauder  
  187  11:50  Marauder x2  
  187  11:51  Marine  
  191  11:57  Marauder  
  193  12:02  Marauder, Marine x4  
  199  12:23  Factory Tech Lab  
  199  12:27  Command Center  
  194  12:32  Marauder x3  
  193  12:46  Marauder  
  193  12:47  Siege Tank  
  193  12:52  Marauder x2, Marine x2  
  182  13:09  Medivac x2  
  175  13:17  Marauder x2, Marine  
  175  13:19  Siege Tank  
  183  13:22  Marauder x2  
  183  13:23  Marauder x2, Marine x3  
  191  13:37  Marine  
  191  13:38  Marauder x2  
  191  13:41  Marine  
  195  13:43  Orbital Command  
  195  13:44  Marauder  
  195  13:46  Marauder  
  199  14:02  Factory Tech Lab  
  199  14:26  Marine  
  200  14:40  Marine, Command Center  
  200  14:41  Command Center  
  199  14:45  Barracks  
  199  14:47  Barracks  
  199  14:48  Barracks, Command Center  
  199  14:50  Marauder  
  168  15:08  Marauder, Marine x2  
  168  15:10  Marine  
  168  15:11  Marauder, Marine  
  174  15:17  Marauder x2, Marine  
  174  15:19  Marine  
  178  15:26  Marine  
Tags
 
Add a new tag
Caveats
  • Supply blocks, unpowered buildings, or Contaminate may cause inaccurate times.
  • Supply counts are checked every 10 seconds.